AoeStats
← CaRem

Black Forest

509821159Analyzed
4v4 RM · 2d ago on Sep 28, 2026· 48m 44s· 8 players
Game mode
Random Map
Map size
Large (8 player)
Population
200
Speed
Normal
Resources
Standard
Victory
Conquest
Starting age
Dark Age
Ending age
Imperial Age
RankedLock teamsTeams togetherTeam positionsShared explorationLock speedFull tech treeHidden civsTurbo modeCheats
Victory
Defeat
🇦🇷 Italians · Argentina
1185
+14
🇨🇳 Mongols · China
1154
+15
🇮🇳 Franks · India
1026
+20
🇨🇳 Persians · China
1024
+21
1165
-19
🇲🇽 Maya · Mexico
1125
-17
🇻🇳 Franks · Vietnam
1124
-17
🇨🇳 Bohemians · China
1121
-36
Танцующий Xyй
0:28 Loom
12:04 Feudal Age
13:39 Double-Bit Axe
17:31 Castle Age
20:40 Wheelbarrow
24:29 Bow Saw
24:12 Horse Collar
26:19 Heavy Plow
28:17 Hand Cart
31:53 Imperial Age
31:04 Forging
30:56 Padded Archer Armor
30:57 Scale Mail Armor
31:04 Scale Barding Armor
31:01 Scale Mail Armor
31:09 Caravan
30:51 Pikeman
31:33 Squires
33:53 Chemistry
34:52 Two-Man Saw
34:32 Iron Casting
34:13 Leather Archer Armor
34:15 Chain Mail Armor
34:20 Chain Barding Armor
33:24 Halberdier
35:05 Conscription
34:59 Town Watch
40:17 Siege Engineers
42:56 Ring Archer Armor
43:26 Blast Furnace
CaRem
1:34 Loom
11:50 Feudal Age
13:20 Wheelbarrow
12:32 Double-Bit Axe
13:08 Gold Mining
13:10 Stone Mining
19:05 Castle Age
20:04 Hand Cart
20:02 Bow Saw
20:31 Gold Shaft Mining
22:58 Scale Barding Armor
24:34 Chain Barding Armor
30:34 Imperial Age
40:36 Plate Barding Armor
40:13 Forging
40:39 Husbandry
39:59 Cavalier
42:01 Iron Casting
41:40 Chivalry
41:00 Ordonnance Companies
42:02 Conscription
42:05 Fletching
42:16 Padded Archer Armor
41:46 Paladin
43:30 Bodkin Arrow
44:37 Blast Furnace
43:53 Leather Archer Armor
44:04 Heavy Mounted Crossbowman
45:05 Cranequins
46:09 Caravan
46:45 Elite Skirmisher
MayaWilly
0:28 Loom
13:45 Feudal Age
18:44 Castle Age
18:57 Double-Bit Axe
20:28 Bow Saw
24:35 Horse Collar
27:20 Gold Mining
28:19 Heavy Plow
30:12 Wheelbarrow
30:31 Stone Mining
36:02 Imperial Age
35:04 Fortified Wall
35:14 Ballistics
35:06 Masonry
34:37 Treadmill Crane
34:23 Pikeman
35:06 Squires
34:28 Eagle Warrior
34:57 Arson
35:45 Forging
35:37 Scale Mail Armor
35:31 Fletching
37:17 Stone Shaft Mining
36:09 Elite Eagle Warrior
36:12 Halberdier
37:32 Iron Casting
37:14 Chain Mail Armor
38:30 Conscription
38:56 Holcans
39:45 Blast Furnace
39:32 Plate Mail Armor
43:40 Caravan
45:35 Chemistry
45:47 Hul'che Javelineers
49:12 Two-Man Saw
47:35 Elite Skirmisher
XGPU1741
3:48 Loom
11:10 Feudal Age
15:09 Castle Age
13:14 Double-Bit Axe
16:11 Bow Saw
17:19 Fervor
17:40 Horse Collar
22:52 Wheelbarrow
22:50 Heavy Plow
24:06 Hand Cart
29:29 Imperial Age
27:48 Forging
27:40 Scale Mail Armor
27:18 Pikeman
27:58 Squires
29:12 Chemistry
29:32 Iron Casting
29:16 Chain Mail Armor
29:09 Wagenburg Tactics
31:25 Blast Furnace
30:56 Plate Mail Armor
29:49 Halberdier
31:01 Conscription
31:38 Siege Engineers
32:43 Two-Man Saw
31:50 Arson
31:26 Man-at-Arms
32:27 Padded Archer Armor
32:53 Ballistics
32:44 Masonry
32:42 Houfnice
34:17 Leather Archer Armor
35:06 Town Watch
35:53 Ring Archer Armor
36:10 Onager
37:38 Caravan
37:35 Elite Hussite Wagon
46:39 Fletching
178296399
0:27 Loom
11:58 Feudal Age
16:27 Castle Age
14:24 Double-Bit Axe
14:43 Horse Collar
20:47 Stone Mining
27:09 Gold Mining
29:51 Imperial Age
28:25 Stone Shaft Mining
28:28 Gold Shaft Mining
28:14 Heavy Plow
28:36 Bow Saw
29:13 Scale Barding Armor
29:08 Scale Mail Armor
29:18 Forging
29:52 Wheelbarrow
29:02 Town Watch
29:39 Town Watch
31:44 Two-Man Saw
31:22 Caravan
31:48 Hand Cart
32:38 Chemistry
32:29 Conscription
32:17 Town Patrol
32:31 Elite War Elephant
32:44 Elite War Elephant
33:28 Husbandry
33:40 Bloodlines
33:43 Forging
35:45 Chain Barding Armor
35:40 Chain Mail Armor
36:00 Iron Casting
37:26 Ballistics
36:35 Pikeman
37:15 Squires
37:02 Arson
36:40 Capped Ram
38:42 Plate Barding Armor
38:37 Plate Mail Armor
40:23 Crop Rotation
41:09 Light Cavalry
43:12 Siege Ram
47:26 Blast Furnace
46:17 Fletching
46:27 Padded Archer Armor
45:50 Onager
47:16 Halberdier
47:17 Hussar
雨落
0:26 Loom
11:33 Feudal Age
14:40 Horse Collar
18:24 Castle Age
16:28 Double-Bit Axe
19:55 Bow Saw
19:48 Heavy Plow
25:29 Wheelbarrow
25:43 Stone Mining
25:43 Gold Mining
27:27 Hand Cart
31:14 Imperial Age
29:41 Caravan
30:39 Gold Shaft Mining
30:40 Stone Shaft Mining
31:08 Thumb Ring
31:04 Husbandry
31:15 Bloodlines
30:57 Fletching
31:07 Padded Archer Armor
31:20 Forging
31:18 Scale Barding Armor
31:31 Elite Mangudai
32:32 Conscription
33:03 Bodkin Arrow
33:24 Leather Archer Armor
32:57 Town Watch
33:59 Ballistics
34:40 Chemistry
34:16 Drill
33:51 Onager
34:42 Nomads
36:50 Bracer
37:34 Coinage
37:41 Siege Onager
39:22 Masonry
39:17 Siege Engineers
41:08 Banking
43:34 Hoardings
*Lord*
7:22 Loom
13:00 Feudal Age
17:04 Castle Age
15:59 Double-Bit Axe
24:31 Fervor
31:55 Imperial Age
30:02 Bow Saw
30:39 Husbandry
30:45 Scale Barding Armor
30:42 Scale Mail Armor
30:55 Forging
32:00 Chain Barding Armor
32:28 Wheelbarrow
31:44 Gold Mining
31:46 Stone Mining
31:53 Light Cavalry
31:59 Cavalier
33:27 Iron Casting
34:12 Plate Barding Armor
34:43 Gold Shaft Mining
35:29 Hand Cart
35:00 Town Watch
36:48 Blast Furnace
37:04 Chemistry
36:25 Ballistics
35:46 Treadmill Crane
35:58 Fletching
36:07 Murder Holes
37:01 Caravan
37:32 Coinage
37:19 Elite Throwing Axeman
38:14 Chivalry
39:46 Banking
39:34 Bodkin Arrow
40:06 Conscription
40:51 Padded Archer Armor
40:33 Paladin
42:48 Leather Archer Armor
1
0:57 Loom
1:07 Loom
12:08 Feudal Age
12:56 Double-Bit Axe
14:12 Man-at-Arms
16:58 Wheelbarrow
23:09 Castle Age
21:00 Horse Collar
21:51 Stone Mining
24:07 Bow Saw
24:00 Heavy Plow
24:41 Gold Mining
25:46 Crossbowman
31:09 Imperial Age
29:26 Fletching
29:37 Padded Archer Armor
31:04 Leather Archer Armor
30:45 Bodkin Arrow
32:12 Ballistics
32:24 Ring Archer Armor
33:00 Bracer
33:34 Conscription
34:37 Forging
36:04 Two-Man Saw
34:47 Treadmill Crane
35:19 Masonry
35:47 Thumb Ring
36:07 Arbalester
36:49 Scale Mail Armor
38:44 Chemistry
37:56 Fortified Wall
39:26 Hand Cart
38:57 Town Watch
39:47 Crop Rotation
40:18 Chain Mail Armor
40:39 Iron Casting
40:42 Arson
40:58 Squires
41:19 Caravan
42:06 Elite Skirmisher
45:32 Stone Shaft Mining
46:02 Plate Mail Armor
46:01 Guilds
50:19 Blast Furnace
Connection lost

Rejoining the realm…

Still unreachable

The connection could not be restored.

Session expired

The server has moved on; the page needs a fresh start.